woodfighter, neutral female scurrid Tourist @ woodfighter the Excursionist Experience level: 9 Strength: 13 Dexterity: 15 Constitution: 14 Intelligence: 15 Wisdom: 9 Charisma: 16 Health: 0(64) Energy: 34(34) Def: 8 Gold: 0 Moves: 9220 Dungeon seed: LJpVmVrIXyvBOlMH Game ID: woodfighter_1523203190 Your Inventory: Amulets o - an uncursed amulet of reflection (being worn) Weapons a - 28 +2 darts (in quiver) B - a blessed rusty +7 scimitar named Vladsbane (weapon in paw) Armor e - a cursed -1 pair of fumble boots z - an uncursed +0 pair of speed boots (being worn) I - an uncursed +0 dwarvish mithril-coat (being worn) O - an uncursed +0 cloak of magic resistance (being worn) Comestibles h - an uncursed clove of garlic p - an uncursed carrot t - an uncursed eucalyptus leaf w - an uncursed cram ration H - 5 uncursed food rations L - 2 uncursed chestnuts P - an uncursed orange Wands d - a wand of teleportation (0:5) f - a wand of sleep (0:4) g - a wand of digging (0:4) x - a wand of digging (0:5) A - a wand of striking (0:2) J - a wand of striking (0:6) Tools b - an uncursed stethoscope q - a -1 unicorn horn s - an uncursed sack y - an uncursed credit card W - an uncursed towel Gems n - an uncursed luckstone Contents of the sack: 3413 gold pieces 13 [cursed] +0 darts an uncursed +0 mummy wrapping a [uncursed] scroll of earth a [uncursed] scroll of identify 2 [uncursed] potions of healing a [uncursed] potion of see invisible Spells and supernatural/magical abilities: Name Level Category Fail Memory W - pray for help -- divine ? -- Your skills at the end: Miscellaneous Skills wands [Basic] Weapon Skills dart [Expert] Spellcasting Skills Final Attributes: You were devoutly aligned. You were magic-protected. Your writing paw was ok. You were telepathic. You had infravision. You were invisible. You were stealthy. You were swallowed by an energy vortex. You were very fast. You had reflection. You were lucky. You had extra luck. Bad luck did not time out for you. Good luck did not time out for you. You are dead. Vanquished creatures: a ghost 2 giant mimics a warhorse a flaming sphere a large cat a dwarf king a leocrotta an ettin zombie a giant beetle a black light a gremlin an orc-captain 2 giant spiders 7 gnome kings an ogre a werewolf 3 piranhas a chickatrice a dog 2 dingos a dwarf lord a blue jelly a water nymph a white unicorn a dust vortex a raven 2 gnome mummies 2 Woodland-elves a yellow light 7 bugbears a baby crocodile 11 Mordor orcs 4 Uruk-hai 12 orc shamans a rock mole 2 rock piercers a pony 7 fog clouds a violet fungus 7 gnome lords 2 gnomish wizards 3 kobold mummies 4 elf zombies 2 ghouls a straw golem a paper golem a giant ant 2 puppies 5 floating eyes 4 kittens 20 dwarves a homunculus a quasit 3 kobold lords 3 kobold shamans 3 iguanas 36 hill orcs 2 rothes a centipede 2 jitterbugs 2 giant bats a dwarf zombie a wererat 4 killer bees 10 coyotes 4 gas spores 2 hobbits 4 acid blobs 2 large kobolds 7 geckos 14 hobgoblins 8 giant rats 5 cave spiders a brown mold a yellow mold a red mold 36 gnomes a garter snake 12 manes a gnome zombie 5 jackals 3 foxes 3 kobolds 8 newts 16 goblins 3 sewer rats 2 bats 11 lichens 5 kobold zombies 366 creatures vanquished. Voluntary challenges: You did not cause conflict. You used a wielded weapon 367 times, starting on turn 4136. You did not use plumbed fixtures. You did not drink any magical draughts. You read items or engraved 4 times, starting on turn 1511. You never genocided any monsters. You never polymorphed an object. You never changed form. You completed Sokoban on turn 4180, according to the rules. You used no wishes. You never split a pudding. You never wrote Elbereth's name. You never violated your personal moral code. Dungeon overview: The Dungeons of Doom: levels 1 to 11 Level 1 a long staircase Level 2 an altar to Offler stairs to The Gnomish Mines Level 3 a weapon shop, a fountain Level 4 a scroll shop, an altar to The Lady, a sink Level 5 Level 6 many fountains Level 7 a general store, some fountains stairs to Sokoban Level 8 Level 9 a throne Level 10 Level 11 <- You were here The Gnomish Mines: levels 3 to 10 Level 3 stairs to The Dungeons of Doom Level 4 Level 5 many shops, a temple to Offler, a magic chest, some fountains Level 6 Level 7 Level 8 Level 9 Level 10 many altars to Moloch, a magic chest, some fountains Sokoban: levels 3 to 6 Level 3 a magic chest Level 4 Level 5 Level 6 an altar to Blind Io, a magic chest stairs to The Dungeons of Doom History has recorded: On T:1 you entered the Dungeons of Doom to retrieve the Amulet of Yendor! On T:133 you reached level 2 of The Dungeons of Doom. On T:244 you reached level 3 of The Dungeons of Doom. On T:268 you advanced to experience level 2. On T:327 you reached level 1 of The Gnomish Mines. On T:511 you advanced to experience level 3. On T:601 you reached level 4 of The Dungeons of Doom. On T:804 you reached level 5 of The Dungeons of Doom. On T:835 you advanced to experience level 4. On T:1227 you advanced to experience level 5. On T:1268 you reached level 6 of The Dungeons of Doom. On T:1782 you reached level 7 of The Dungeons of Doom. On T:1970 you reached level 8 of The Dungeons of Doom. On T:2006 you advanced to experience level 6. On T:2129 you reached level 4 of Sokoban. On T:2416 you opened a magic chest. On T:2615 you reached level 3 of Sokoban. On T:3019 you reached level 2 of Sokoban. On T:3593 you reached level 1 of Sokoban. On T:3668 you advanced to experience level 7. On T:4180 you advanced to experience level 8. On T:4180 you entered the Sokoban zoo. On T:4760 you reached level 2 of The Gnomish Mines. On T:5006 you reached level 3 of The Gnomish Mines. On T:5418 you reached level 4 of The Gnomish Mines. On T:5534 you entered the Minetown temple On T:5967 you reached level 5 of The Gnomish Mines. On T:6326 you reached level 6 of The Gnomish Mines. On T:6669 you reached level 7 of The Gnomish Mines. On T:7268 you advanced to experience level 9. On T:7394 you reached level 8 of The Gnomish Mines. On T:7394 you reached the bottom of the Mines. On T:8662 you reached level 9 of The Dungeons of Doom. On T:8732 you reached level 10 of The Dungeons of Doom. On T:9007 you reached level 11 of The Dungeons of Doom. On T:9044 you prayed to The Lady. Score breakdown: Gold: 3309 ( 330 points) Experience: 9 levels ( 800 points) Exploration: 11 levels ( 300 points) Discoveries: 29 items ( 1450 points) Variety of kills: 89 monsters ( 2000 points) Major goal: Sokoban/Mines ( 1500 points) Survival: died (score multiplied by 3) Total score: 19140 Latest messages: You put 2152 gold pieces into the bag called not holding. Nowhere else around here can be automatically explored. Where do you want to travel to? A gnome lord blocks your way. Where do you want to travel to? The ghoul bumps right into you! You stop exploring. You slash the ghoul! You destroy the ghoul! The energy vortex engulfs you! The air around you crackles with electricity. You slash the energy vortex! You are jolted with electricity! The air around you crackles with electricity. You slash the energy vortex! You are jolted with electricity! The air around you crackles with electricity. The air around you crackles with electricity. You slash the energy vortex! You are jolted with electricity! You die... Final status: Aloha woodfighter the Tourist, killed by an energy vortex... You died in The Dungeons of Doom on dungeon level 11 with 19140 points, and 3413 pieces of gold, after 9220 moves. You were level 9 with a maximum of 64 hit points when you died.